 Dungeon Crawl Stone Soup version 0.30-a0-219-gf2db51d15e (webtiles) character file.

Game seed: 2285336887675897946

5309 chippings the Zephyrmancer (level 10, -17/73 HPs)
             Began as a Demigod Air Elementalist on Oct 6, 2022.
             Shot with an arrow by a centaur warrior (20 damage)
             ... on level 8 of the Dungeon.
             The game lasted 00:44:01 (10509 turns).

chippings the Zephyrmancer (DgAE)                  Turns: 10509, Time: 00:44:02

Health: -17/73     AC:  6    Str:  9 (11) XL:     10   Next: 15%
Magic:  12/22      EV: 12    Int: 28 (29) God:
Gold:   358        SH:  0    Dex: 16 (17) Spells: 2/20 levels left

rFire   . . .      SeeInvis .    m - staff of conjuration
rCold   . . .      Faith    .    (no shield)
rNeg    . . .      Spirit   .    s - +2 robe "Jaotado" {Str+2 Dex+3}
rPois   .          Reflect  .    (no helmet)
rElec   .          Harm     .    t - +0 cloak
rCorr   .          Rampage  .    q - +0 pair of gloves
Will    +....      Rage     3%   (no boots)
Stlth   ++........               D - amulet of regeneration
HPRegen 1.12/turn                (no ring)
MPRegen 0.18/turn                (no ring)

@: invisible
A: high MP 1, forlorn, divine attributes, berserk 1, deterioration 2, evolution
1
a: no special abilities


You were on level 8 of the Dungeon.
You visited 1 branch of the dungeon, and saw 8 of its levels.
You also visited: Ossuary.

You collected 462 gold pieces.
You spent 104 gold pieces at shops.

Inventory:

Hand Weapons
 h - a +5 short sword
Missiles
 f - a throwing net
 n - 6 datura-tipped darts
Armour
 q - a +0 pair of gloves (worn)
 r - the +0 ring mail "Butim" {rN+ SInv}
   (You found it on level 5 of the Dungeon)

   rN:        It protects you from negative energy.
   SInv:      It lets you see invisible.
 s - the +2 robe "Jaotado" (worn) {Str+2 Dex+3}
   (You took it off an orc on level 5 of the Dungeon)

   Str:       It affects your strength (+2).
   Dex:       It affects your dexterity (+3).
 t - a +0 cloak (worn)
 C - +0 steam dragon scales
Magical Staves
 m - a staff of conjuration (weapon)
 B - a staff of death
Jewellery
 D - an amulet of regeneration (around neck)
Wands
 i - a wand of digging (6)
 j - a wand of paralysis (1)
 o - a wand of polymorph (9)
 u - a wand of flame (9)
Scrolls
 a - 3 scrolls of identify
 k - 3 scrolls of fog
 p - 2 scrolls of enchant weapon
 v - 4 scrolls of teleportation
 y - a scroll of amnesia
 z - 2 scrolls of poison
 F - a scroll of vulnerability
Potions
 b - a potion of invisibility
 c - 2 potions of brilliance
 d - 7 potions of curing
 e - 3 potions of lignification
 g - 3 potions of heal wounds
 l - 2 potions of attraction
 w - a potion of mutation
 x - a potion of haste
 A - 2 potions of might
 E - a potion of berserk rage


   Skills:
 - Level 2.0 Fighting
 - Level 2.0 Short Blades
 + Level 3.9 Staves
 * Level 2.0 Dodging
 - Level 2.0 Stealth
 + Level 5.7 Spellcasting
 + Level 6.0 Conjurations
 - Level 4.0 Summonings
 * Level 8.5 Air Magic
 - Level 4.0 Evocations


You had 2 spell levels left.
You knew the following spells:

 Your Spells              Type           Power      Damage    Failure   Level
a - Arcjolt               Conj/Air       32%        1d42      9%          5
b - Static Discharge      Conj/Air       100%       2-7/arc   1%          2
c - Swiftness             Air            54%        N/A       1%          3
d - Airstrike             Air            27%        2d(4-20)  1%          4
e - Summon Lightning Spi  Summ/Air       43%        N/A       4%          4

Your spell library contained the following spells:

 Spells                   Type           Power      Damage    Failure   Level
 Shock                    Conj/Air       100%       1d9       1%          1
 Vhi's Electric Charge    Tloc/Air       62%        N/A       3%          3
 Dazzling Flash           Conj/Hex       74%        N/A       5%          3
 Lightning Bolt           Conj/Air       32%        1d50      9%          5
 Iskenderun's Mystic Bla  Conj/Tloc      37%        2d9       19%         4
 Starburst                Conj/Fire      18%        6d7       95%         6
 Maxwell's Capacitive Co  Air            27%        ∞         100%        8


Dungeon Overview and Level Annotations

Branches:
Dungeon (8/15)             Temple (0/1) D:6            Lair (0/5) D:8
Ossuary (visited)

Shops:
D:1 (   D:8 *

Annotations:
D:6 Menkaure


Innate Abilities, Weirdness & Mutations

You have an increased reservoir of magic. (+10% MP)
You shall have no god before yourself.
Your divine heritage dramatically boosts your attributes as you level up.
You sometimes lose your temper in combat.
Your body often deteriorates upon taking damage.
You have hidden genetic potential.


Message History

Things that are here:
a +0 robe; a +0 dagger You see here a +0 longbow.
There is an open door, spattered with blood here.
Things that are here:
a +3 mace; a +0 leather armour; an orc corpse The death yak bellows! x2
Casting: Summon Lightning Spire (dangerous; 4% risk of failure)
Confirm with . or Enter, or press ? or * to list all spells.
An electric hum fills the air.
Your lightning spire shoots out a bolt of lightning at the death yak!
The bolt of electricity hits the death yak!
Your lightning spire shoots out a bolt of lightning at the death yak!
The bolt of electricity hits the death yak.
The bolt of electricity hits the death yak!
The death yak attacks as you move away! The death yak gores you!
As you read the scroll of teleportation, it crumbles to dust.
You feel strangely unstable. The death yak gores you!! The death yak gores you!
Your body deteriorates!
You feel dopey. The death yak barely misses you.
The death yak snorts and paws the ground.
Your surroundings suddenly seem different.
A centaur warrior is nearby!
Casting: Summon Lightning Spire (dangerous; 4% risk of failure)
Confirm with . or Enter, or press ? or * to list all spells.
An electric hum fills the air.
The centaur warrior shouts!
The centaur warrior shoots an arrow.
The arrow hits you!
The centaur warrior shoots an arrow.
The arrow hits you!!
* * * LOW HITPOINT WARNING * * *
Your body deteriorates!
You feel weakened.
Okay, then.
You fade into invisibility!
The centaur warrior shoots an arrow.
The arrow hits you!
* * * LOW HITPOINT WARNING * * *
Unknown command.
The centaur warrior shoots an arrow.
The arrow closely misses you. The arrow hits your lightning spire!
The centaur warrior shoots an arrow.
The arrow hits you!!
You die...

#.♣.♣.# ~c~ #.....#
..( ##♣.♣## #.# ♣♣.♣♣
♣T♣ #♣.≈.♣#
♣♣♣♣♣♣8♣♣♣♣♣♣ #.≈≈≈.#
♣...........♣ #.≈≈≈8#
♣.......)...♣ #.≈≈≈.#
♣..'#####...♣ #.≈~≈@#
♣..#...oo#..♣
#♣~≈~♣♣♣♣..#..OBh#..♣♣
#.≈~≈...)..#..g..#....
#♣~≈c♣♣♣♣..#.....#..♣♣
#.≈)≈.# ♣..#F....#..♣
#.≈≈≈.# ♣..'#####'..♣
#.≈≈≈.# ♣..... ...♣
#.≈≈≈)# ♣......
#♣.≈.♣# ♣♣♣♣♣♣.♣


You could see a centaur warrior (unable to see you, ally target) and a friendly
lightning spire (summoned).

Vanquished Creatures
  A centaur warrior (D:8)
  Pikel (D:6)
  Joseph (D:7)
  Grinder (D:5)
  A wraith (Ossuary)
  A steam dragon (D:7)
  An acid dragon (D:8)
  A water moccasin (D:5)
  2 sky beasts
  A black bear (D:5)
  A centaur (D:7)
  A lemure (D:6)
  A kobold brigand (D:8)
  2 phantoms
  3 bullfrogs
  3 scorpions
  A necrophage (D:7)
  An electric eel (D:8)
  4 howler monkeys
  3 jellies
  Crazy Yiuf (D:6)
  2 gnoll boudas
  8 orc priests
  A hound (D:6)
  2 iguanas (D:5)
  6 orc wizards
  3 mummies (Ossuary)
  8 gnolls
  8 adders
  8 white imps
  3 worms
  3 dart slugs
  24 orcs
  8 ball pythons
  4 endoplasms
  4 giant cockroaches
  9 hobgoblins
  2 jackals (D:5)
  7 quokkas
  A frilled lizard (D:2)
  9 goblins
  4 goblin zombies (Ossuary)
  A hobgoblin zombie (Ossuary)
  7 kobolds
  2 rats
166 creatures vanquished.

Vanquished Creatures (collateral kills)
  4 yaks (D:8)
  A black bear (D:8)
  2 orc warriors (D:8)
  5 killer bees (D:8)
  An orc priest (D:8)
  A river rat (D:8)
  4 orcs (D:8)
  3 goblin zombies (Ossuary)
  2 hobgoblin zombies (Ossuary)
  A kobold zombie (Ossuary)
  A rat (D:8)
25 creatures vanquished.

Vanquished Creatures (others)
  16 plants
16 creatures vanquished.

Grand Total: 207 creatures vanquished

Notes
Turn   | Place    | Note
-------+----------+-------------------------------------------
     0 | D:1      | chippings the Demigod Air Elementalist began the quest for
                  | the Orb.
     0 | D:1      | Reached XP level 1. HP: 14/14 MP: 5/5
    96 | D:1      | Reached skill level 1 in Conjurations
   370 | D:1      | Reached XP level 2. HP: 19/20 MP: 1/7
   437 | D:1      | Found Anyu's Weapon Emporium.
   445 | D:1      | Learned a level 2 spell: Static Discharge
  1109 | D:2      | Reached skill level 3 in Air Magic
  1491 | D:2      | Reached XP level 3. HP: 26/26 MP: 8/8
  2175 | D:3      | Reached skill level 1 in Fighting
  2175 | D:3      | Reached skill level 1 in Short Blades
  2175 | D:3      | Reached XP level 4. HP: 32/35 MP: 5/10
  2448 | D:3      | Reached XP level 5. HP: 40/40 MP: 11/11
  2669 | D:3      | Learned a level 3 spell: Swiftness
  3389 | D:4      | Reached skill level 1 in Evocations
  3504 | D:4      | Reached XP level 6. HP: 48/48 MP: 8/13
  3797 | D:5      | Entered Level 5 of the Dungeon
  3797 | D:5      | Noticed a +0 short sword
  3797 | D:5      | Noticed a +0 spear
  3797 | D:5      | Noticed a +0 dagger
  3797 | D:5      | Noticed a +0 falchion
  3799 | D:5      | Noticed a +0 dagger
  3799 | D:5      | Noticed a +0 falchion
  3799 | D:5      | Noticed a +0 short sword
  3800 | D:5      | Noticed a +0 spear
  4006 | D:5      | Noticed a water moccasin
  4012 | D:5      | Killed a water moccasin
  4013 | D:5      | Reached skill level 4 in Air Magic
  4210 | D:5      | Learned a level 4 spell: Airstrike
  4337 | D:5      | Identified the +0 ring mail "Butim" {rN+ SInv}
  4398 | D:5      | Reached XP level 7. HP: 55/55 MP: 6/15
  4498 | D:5      | Noticed Grinder
  4512 | D:5      | Killed Grinder
  4513 | D:5      | Reached skill level 1 in Staves
  4672 | D:5      | Identified the +2 robe "Jaotado" {Str+2 Dex+3}
  4935 | D:6      | Noticed Pikel
  5062 | D:6      | Reached skill level 5 in Air Magic
  5620 | D:6      | Killed Pikel
  5621 | D:6      | Reached skill level 6 in Air Magic
  5621 | D:6      | Reached XP level 8. HP: 61/61 MP: 0/18
  5642 | D:6      | Learned a level 5 spell: Arcjolt
  5805 | D:6      | Noticed Menkaure
  6015 | D:6      | Found a runed translucent door.
  6016 | D:6      | Noticed Crazy Yiuf
  6026 | D:6      | Killed Crazy Yiuf
  6308 | D:6      | Found a staircase to the Ecumenical Temple.
  6490 | D:7      | Found a sand-covered staircase.
  6490 | D:7      | Noticed Joseph
  6498 | D:7      | Killed Joseph
  6499 | D:7      | Reached skill level 5 in Conjurations
  6626 | Ossuary  | Entered an ossuary
  7255 | Ossuary  | Reached skill level 7 in Air Magic
  7269 | Ossuary  | Gained mutation: Your body sometimes deteriorates upon
                  | taking damage. [potion of mutation]
  7269 | Ossuary  | Gained mutation: You sometimes lose your temper in combat.
                  | [potion of mutation]
  7269 | Ossuary  | Gained mutation: Your body often deteriorates upon taking
                  | damage. [potion of mutation]
  7269 | Ossuary  | Gained mutation: You have hidden genetic potential. [potion
                  | of mutation]
  7640 | D:7      | Reached skill level 5 in Spellcasting
  7640 | D:7      | Reached XP level 9. HP: 57/67 MP: 10/20
  7867 | D:7      | Learned a level 4 spell: Summon Lightning Spire
  8102 | D:7      | Reached skill level 1 in Summonings
  8881 | D:8      | Noticed a death yak
  9012 | D:8      | Noticed a death yak
  9118 | D:8      | Noticed a death yak
  9159 | D:8      | Found a staircase to the Lair.
  9593 | D:8      | Reached skill level 8 in Air Magic
 10066 | D:8      | Noticed a two-headed ogre
 10067 | D:8      | Noticed a boulder beetle
 10073 | D:8      | Noticed a centaur warrior
 10073 | D:8      | Noticed a centaur warrior
 10200 | D:8      | Found Nitwotau's Assorted Antiques.
 10208 | D:8      | Bought a scroll labelled OLIS JUEWEKAXT for 26 gold pieces
 10208 | D:8      | Bought a scroll of teleportation for 78 gold pieces
 10227 | D:8      | Reached XP level 10. HP: 58/73 MP: 22/22
 10368 | D:8      | Killed a centaur warrior
 10508 | D:8      | HP: 2/73 [centaur warrior/arrow (16)]
 10509 | D:8      | Shot with an arrow by a centaur warrior

Illustrated notes

Levels and vault maps discovered:
D:1:      ebering_trefoil_twist, layout_rooms, serial_shops,
          nicolae_shop_behind_doors, shapermc_ecumenical_altar_flowoftime
D:2:      layout_loops_ring, minmay_strange_pillars, kennysheep_generic_room_13
D:3:      layout_loops_corners, chequers_arboretum, minmay_vboxes
D:4:      layout_basic, chequers_serial_rivers_micro_d
D:5:      layout_cave_pools, nicolae_uskayaw_en_pointe, moated_statue,
          uniq_grinder
D:6:      layout_rooms, minmay_temple_entry_enclosed_plants, uniq_pikel,
          uniq_menkaure, uniq_crazy_yiuf_cottage
D:7:      layout_gridville, mainiacjoe_overflow_tiny_flanked, enter_ossuary_1,
          uniq_joseph
D:8:      nzn_winding_woodlands_large [nzn_winding_woodlands_5x5_cross,
          nzn_winding_woodlands_5x15_eye, nzn_winding_woodlands_5x5_perimeter,
          nzn_winding_woodlands_center_triple_pond,
          nzn_winding_woodlands_15x15_killbox,
          nzn_winding_woodlands_center_garden, nzn_winding_woodlands_5x5_three,
          nzn_winding_woodlands_5x15_river_crossing,
          nzn_winding_woodlands_5x5_open_star], layout_loops_corners,
          grunt_gozag_breadcrumbs, dpeg_lair_monsters, serial_shops,
          nicolae_shop_competitors_out_of_business, roderic_malta_cross,
          minmay_misc_feat_square

Skill      XL: |  1  2  3  4  5  6  7  8  9 10 |
---------------+-------------------------------+-----
Conjurations   | 1 2 3 4 5 6 |  6.0
Stealth        | 2 |  2.0
Dodging        | 2 |  2.0
Spellcasting   | 2 3 4 5 |  5.7
Air Magic      | 3 4 6 7 8 |  8.5
Fighting       | 1 2 |  2.0
Short Blades   | 1 2 |  2.0
Evocations     | 1 2 3 4 |  4.0
Staves         | 1 2 3 |  3.9
Summonings     | 3 4 |  4.0

Action                   |  1- 3 |  4- 6 |  7- 9 | 10-12 || total
-------------------------+-------+-------+-------+-------++-------
Melee: Unarmed           |     1 |       |       |       ||     1
       Short sword       |    35 |    55 |     7 |     3 ||   100
       Staff             |       |     9 |   207 |     8 ||   224
       Punch             |       |     1 |     3 |       ||     4
 Cast: Shock             |    54 |    35 |     6 |       ||    95
       Static Discharge  |    12 |    24 |    12 |       ||    48
       Swiftness         |       |     1 |       |       ||     1
       Airstrike         |       |     3 |    83 |     3 ||    89
       Summon Lightning  |       |       |    18 |     5 ||    23
       Arcjolt           |       |       |     3 |     2 ||     5
Evoke: Wand              |       |       |     2 |     4 ||     6
  Use: Potion            |     1 |       |     2 |     3 ||     6
       Scroll            |     2 |     3 |    19 |     1 ||    25
 Stab: Sleeping          |       |     4 |     2 |       ||     6
       Paralysed         |       |       |     7 |     3 ||    10
       Distracted        |       |       |     1 |       ||     1
Armor: Robe              |     9 |     5 |    55 |     4 ||    73
Dodge: Dodged            |    20 |    34 |   139 |    15 ||   208

Table legend: (Time is in decaauts)
 A = Elapsed time spent in this place.
 B = Non-inter-level travel time spent in this place.
 C = Inter-level travel time spent in this place.
 D = Time resting spent in this place.
 E = Time spent auto-exploring this place.
 F = Levels seen in this place.
 G = Mean time per level.
                   A        B        C        D        E       F      G
               +--------+--------+--------+--------+--------+-----+--------+
         Total |  10534 |  10279 |    255 |    548 |   6537 |   9 | 1170.4 |
       Dungeon |   9813 |   9558 |    255 |    448 |   6172 |   8 | 1226.6 |
       Ossuary |    720 |    720 |      0 |    100 |    365 |   1 |  720.0 |
               +--------+--------+--------+--------+--------+-----+--------+

Top non-repeatable levels by time:
     D:8: 1707 daAuts
     D:7: 1667 daAuts
     D:6: 1342 daAuts
     D:5: 1306 daAuts
     D:3: 1279 daAuts
     D:2: 986 daAuts
     D:1: 915 daAuts
 Ossuary: 720 daAuts
     D:4: 609 daAuts
